 Dungeon Crawl Stone Soup version 0.21-a0-264-g3e31e41 (webtiles) character file.

749 graki42 the Cudgeler (level 7, -4/44 HPs)
             Began as a Gargoyle Fighter on Sept 9, 2017.
             Killed by divine providence
             ... invoked by an orc priest
              (11 damage)
             ... on level 5 of the Dungeon.
             The game lasted 00:07:25 (3633 turns).

graki42 the Cudgeler (Gargoyle Fighter)             Turns: 3633, Time: 00:07:26

Health: -4/44      AC: 14    Str: 21    XL:     7   Next: 78%
Magic:  7/7        EV:  9    Int:  9    God:
Gold:   242        SH: 11    Dex:  9    Spells: 6/6 levels left

rFire    . . .     SeeInvis .   a - +1 flail
rCold    . . .     Gourm    .   c - +1 shield
rNeg     + . .     Faith    .   h - +0 chain mail
rPois    ∞         Spirit   .   (no helmet)
rElec    +         Reflect  .   (no cloak)
rCorr    .         Harm     .   (no gloves)
MR       .....                  (no boots)
Stlth    ..........             (no amulet)
HPRegen  0.14/turn              s - +3 ring of evasion
MPRegen  0.10/turn              (no ring)

@: no status effects
A: negative energy resistance 1, electricity resistance, unbreathing,
petrification resistance, rot immunity, AC +4
a: no special abilities


You were on level 5 of the Dungeon.
You were hungry.

You visited 1 branch of the dungeon, and saw 5 of its levels.

You collected 242 gold pieces.

Inventory:

Hand Weapons
 a - a +1 flail (weapon)
Armour
 c - a +1 shield (worn)
 h - a +0 chain mail (worn)
Jewellery
 s - a +3 ring of evasion (left hand)
 B - an uncursed ring of fire
Scrolls
 d - 2 scrolls of fear
 g - a scroll of enchant weapon
 i - 2 scrolls of magic mapping
 j - 3 scrolls of identify
 k - 3 scrolls of immolation
 l - a scroll of fog
 n - 2 scrolls of recharging
 o - 4 scrolls of remove curse
 y - a scroll of teleportation
Potions
 b - a potion of mutation {unknown}
 p - 2 potions of invisibility {unknown}
 r - a potion of resistance
 v - 2 potions of lignification {unknown}
 w - a potion of berserk rage {unknown}
 x - a potion of brilliance {unknown}
 z - a potion of curing
Comestibles
 f - 3 bread rations
 m - 2 royal jellies
 q - 4 meat rations
 t - 3 fruits


   Skills:
 + Level 4.6 Fighting
 + Level 5.8 Maces & Flails
 + Level 4.5 Armour
 + Level 1.5 Dodging
 + Level 0.5 Stealth
 + Level 5.4 Shields


You had 6 spell levels left.
You didn't know any spells.

Dungeon Overview and Level Annotations

Branches:
Dungeon (5/15)
 Temple: D:4-7

Altars:
Fedhas
Nemelex Xobeh
Sif Muna
Uskayaw
Zin


Innate Abilities, Weirdness & Mutations

You are resistant to torment.
Your stone body is resilient. (AC +4)
You are immune to poison.
You resist negative energy. (rN+)
You are resistant to electric shocks. (rElec)
You can survive without breathing.
You are immune to petrification.
You are immune to rotting.


Message History

The necrophage hits you but does no damage.
You block the orc's attack.
You hit the orc priest.
The orc priest is almost dead.
You block the orc wizard's attack.
The orc wizard hits you but does no damage.
You block the orc priest's attack.
The orc priest hits you but does no damage.
The necrophage misses you. The orc closely misses you.
The orc wizard hits you but does no damage.
You block the orc wizard's attack.
You are feeling hungry.
You barely miss the orc priest.
The orc priest is almost dead.
The orc wizard hits you but does no damage.
The orc wizard hits you with a dagger.
* * * LOW HITPOINT WARNING * * *
The orc priest invokes the aid of Beogh against you.
Beogh smites you!
You die...

##.>## ##............
#...###...............
##..##................
#....................
#
##...................
. #.................#
. ..................#
....###.......oon..#
#..# ##......o@##...
#.. #.....#.oo......
... #...##..........
#...##..^..##...
#..#..#..#.# .. #..
......#. #. .....##.##
......#


You could see a necrophage, 2 orc priests, 2 orc wizards and an orc.

Vanquished Creatures
  Grinder (D:3)
  An ogre (D:4)
  A scorpion (D:4)
  An orc priest (D:5)
  4 hounds
  Jessica (D:2)
  2 worker ants (D:4)
  Natasha (twice) (D:2)
  Robin (D:3)
  3 gnolls (D:5)
  3 adders
  2 oozes (D:5)
  A worm (D:2)
  A dart slug (D:3)
  5 leopard geckos
  3 orcs
  9 bats
  4 giant cockroaches
  14 goblins
  5 hobgoblins
  12 jackals
  4 kobolds
  A quokka (D:4)
  A ball python (D:4)
  2 frilled lizards
  8 rats
92 creatures vanquished.

Notes
Turn   | Place    | Note
-------+----------+-------------------------------------------
     0 | D:1      | graki42 the Gargoyle Fighter began the quest for the Orb.
     0 | D:1      | Reached XP level 1. HP: 14/14 MP: 1/1
   180 | D:1      | Reached XP level 2. HP: 14/19 MP: 2/2
   451 | D:1      | Reached XP level 3. HP: 23/23 MP: 3/3
  1152 | D:2      | Found a sparkling altar of Nemelex Xobeh.
  1201 | D:2      | Noticed Jessica
  1216 | D:2      | Killed Jessica
  1216 | D:2      | Reached XP level 4. HP: 28/29 MP: 4/4
  1231 | D:2      | Noticed Natasha
  1233 | D:2      | Killed Natasha
  1427 | D:2      | Noticed Natasha
  1437 | D:2      | Killed Natasha
  1437 | D:2      | Reached XP level 5. HP: 31/33 MP: 5/5
  1493 | D:3      | Noticed Grinder
  1502 | D:3      | Paralysed by Grinder for 4 turns
  1509 | D:3      | Killed Grinder
  1509 | D:3      | Reached skill level 1 in Dodging
  1509 | D:3      | Reached XP level 6. HP: 29/38 MP: 6/6
  1519 | D:3      | Noticed Robin
  1565 | D:3      | Killed Robin
  1942 | D:3      | Found a faded altar of an unknown god.
  2017 | D:3      | Found a deep blue altar of Sif Muna.
  2017 | D:3      | Found a blossoming altar of Fedhas.
  2829 | D:4      | Found a hide-covered altar of Uskayaw.
  2910 | D:4      | Reached skill level 5 in Maces & Flails
  2910 | D:4      | Reached skill level 5 in Shields
  2910 | D:4      | Reached XP level 7. HP: 28/44 MP: 7/7
  3096 | D:4      | Found a glowing silver altar of Zin.
  3461 | D:5      | Entered Level 5 of the Dungeon
  3633 | D:5      | Killed from afar by an orc priest

Vault maps used:
D:1:      minmay_arrival_doors, wad_floor_pattern_untrapped
D:2:      nicolae_overflow_crystal_walls, minmay_misc_feat_columns,
          uniq_jessica, uniq_natasha
D:3:      gammafunk_temple_overflow_elements, chequers_ecumenical_altar_island,
          uniq_grinder, uniq_robin
D:4:      eat_drink_and_be_merry_uskayaw, lemuel_crystal_altar, nrook_uturn
D:5:      grunt_temple_overflow_champion_of_chaos, first_bread, minmay_holes,
          hangedman_decor_growths

Skill      XL: |  1  2  3  4  5  6 |
---------------+-------------------+-----
Maces & Flails | 3 4 5 |  5.8
Shields        | 4 5 |  5.4
Fighting       | 4 |  4.6
Armour         | 4 |  4.5
Dodging        | 1 |  1.5
Stealth        | |  0.5

Action                   |  1- 3 |  4- 6 |  7- 9 || total
-------------------------+-------+-------+-------++-------
Melee: Flail             |   123 |   148 |   122 ||   393
  Use: Potion            |       |     4 |       ||     4
       Scroll            |       |     4 |     8 ||    12
  Eat: Chunk             |     1 |     6 |     2 ||     9
Armor: Scale mail        |    18 |       |       ||    18
       Chain mail        |    63 |   141 |    83 ||   287
Dodge: Dodged            |    23 |    65 |    68 ||   156
Block: Shield            |    63 |   121 |    88 ||   272

Table legend:
 A = Spawn XP
 B = Non-spawn XP
 C = Spawn XP percentage of total XP
 D = Spawn monster count
 E = Non-spawn monster count
 F = Spawn count percentage of total count
 G = Total turns spent on level
                    A         B        C        D         E        F      G
               +---------+---------+-------+---------+---------+-------+---------
         Total |       0 |    1071 |   0.0 |       0 |      92 |   0.0 |  3633
               +---------+---------+-------+---------+---------+-------+---------
           D:1 |       0 |      43 |   0.0 |       0 |      24 |   0.0 |   932
           D:2 |       0 |     129 |   0.0 |       0 |      14 |   0.0 |   543
           D:3 |       0 |     374 |   0.0 |       0 |      31 |   0.0 |  1333
           D:4 |       0 |     408 |   0.0 |       0 |      14 |   0.0 |   653
           D:5 |       0 |     117 |   0.0 |       0 |       9 |   0.0 |   172
               +---------+---------+-------+---------+---------+-------+---------
